 Dungeon Crawl Stone Soup version 0.30-a0-1155-gf8af5b4991 (webtiles) character file.

Game seed: 7781376439989214964

4 Zentennen the Chiller (level 1, -1/13 HPs)
             Began as a Demonspawn Ice Elementalist on Apr 6, 2023.
             Slain by a hobgoblin (4 damage)
             ... on level 1 of the Dungeon on Apr 24, 2023.
             The game lasted 00:00:57 (105 turns).

Zentennen the Chiller (Demonspawn Ice Elementalist)  Turns: 105, Time: 00:00:58

Health: -1/13      AC:  2    Str:  8    XL:     1   Next: 50%
Magic:  0/3        EV: 12    Int: 16    God:
Gold:   22         SH:  0    Dex: 13    Spells: 3/4 levels left

rFire   . . .        (no weapon)
rCold   . . .        (no shield)
rNeg    . . .        a - +0 robe
rPois   .            (no helmet)
rElec   .            (no cloak)
rCorr   .            (no gloves)
SInv    .            (no boots)
Will    .....        (no amulet)
Stlth   ++           (no ring)
HPRegen 0.22/turn    (no ring)
MPRegen 0.08/turn

%: no passive effects
@: no status effects
A: no striking features
a: no special abilities


You were on level 1 of the Dungeon.
You visited 1 branch of the dungeon, and saw 1 of its levels.

You collected 22 gold pieces.

Inventory:

Armour
 a - a +0 robe (worn)
Scrolls
 c - a scroll of identify {unknown}
Potions
 b - a potion of magic


   Skills:
 + Level 1.9 Dodging
 + Level 1.9 Stealth
 + Level 2.1 Spellcasting
 - Level 3.6 Ice Magic


You had 3 spell levels left.
You knew the following spells:

 Your Spells              Type           Power      Damage    Failure   Level
a - Freeze                Ice            52%        1d6       4%          1

Your spell library contained the following spells:

 Spells                   Type           Power      Damage    Failure   Level
 Frozen Ramparts          Ice            26%        1d4       14%         3
 Ozocubu's Armour         Ice            13%        N/A       14%         3
 Summon Ice Beast         Ice/Summ       7%         N/A       69%         4


Dungeon Overview and Level Annotations

Branches:
Dungeon (1/15)

Altars:


Message History

You hit the ball python but do no damage.
The ball python barely misses you. The ball python completely misses you.
You closely miss the ball python. The ball python misses you.
The ball python grabs you. The ball python constricts you.
You hit the ball python but do no damage.
The ball python bites you. The ball python constricts you.
You hit the ball python but do no damage.
The ball python bites you.
* * * LOW HITPOINT WARNING * * *
The ball python constricts you.
* * * LOW HITPOINT WARNING * * *
You hit the ball python.
The ball python is severely wounded.
The ball python barely misses you. The ball python constricts you.
* * * LOW HITPOINT WARNING * * *
The ball python barely misses you. The ball python constricts you.
* * * LOW HITPOINT WARNING * * *
You barely miss the ball python.
The ball python is severely wounded.
The ball python bites you but does no damage.
The ball python constricts you.
* * * LOW HITPOINT WARNING * * *
You escape the ball python's grasp.
Casting: Freeze (safe; 4% risk of failure)
Confirm with . or Enter, or press ? or * to list all spells.
Aiming: Freeze (safe; 4% risk of failure)
Press: ? - help, Shift-Dir - straight line, f - ball python
Aim: a ball python (severely wounded)
You freeze the ball python.
You kill the ball python!
The ball python misses you. The ball python grabs you.
The ball python constricts you.
You escape the ball python's grasp.
The ball python attacks as you move away!
The ball python bites you but does no damage.
You hit the ball python.
The ball python is severely wounded.
The ball python misses you. The ball python closely misses you.
Casting: Freeze (safe; 4% risk of failure)
Confirm with . or Enter, or press ? or * to list all spells.
Aiming: Freeze (safe; 4% risk of failure)
Press: ? - help, Shift-Dir - straight line, f - ball python
Aim: a ball python (moderately wounded)
You freeze the ball python!
You kill the ball python!
You completely miss the hobgoblin. The hobgoblin barely misses you.
You barely miss the hobgoblin. The hobgoblin hits you.
* * * LOW HITPOINT WARNING * * *
You hit the hobgoblin but do no damage. The hobgoblin hits you.
You die...

..###...........
.......###...###
#.##...#<......#
#.##...#.......#
#.# #...........
###.###......#....
#.....#...........
#.###....#.......#
#@# ##...#......>#
#####g#
#....###...###
#.g...#
#.#..........
#.#####
#.#........... #.#
#.###...###... #g#
.. ##..# #.. #.#
.. #[.# #. #.# .
#.. . #.## .##


You could see a hobgoblin.

Vanquished Creatures
  4 ball pythons (D:1)
  2 frilled lizards (D:1)
6 creatures vanquished.

Notes
Turn   | Place    | Note
-------+----------+-------------------------------------------
     0 | D:1      | Zentennen the Demonspawn Ice Elementalist began the quest
                  | for the Orb.
     0 | D:1      | Reached XP level 1. HP: 13/13 MP: 3/3
    23 | D:1      | Upgraded the game from 0.30-a0-1014-g3371b13838 to
                  | 0.30-a0-1155-gf8af5b4991
   105 | D:1      | Slain by a hobgoblin

Illustrated notes

Levels and vault maps discovered:
D:1:      minmay_arrival_open_corners, layout_loops_ring, minmay_pentomino_w4

Action                     || total
---------------------------++-------
  Melee: Unarmed           ||    21
   Cast: Freeze            ||     6
 Armour: Robe              ||     6
  Dodge: Dodged            ||    15

Table legend: (Time is in decaauts)
 A = Elapsed time spent in this place.
 B = Non-inter-level travel time spent in this place.
 C = Inter-level travel time spent in this place.
 D = Time resting spent in this place.
 E = Time spent auto-exploring this place.
 F = Levels seen in this place.
 G = Mean time per level.
                   A        B        C        D        E       F      G
               +--------+--------+--------+--------+--------+-----+--------+
         Total |    105 |     95 |     10 |      0 |     21 |   1 |  105.0 |
       Dungeon |    105 |     95 |     10 |      0 |     21 |   1 |  105.0 |
               +--------+--------+--------+--------+--------+-----+--------+

Top non-repeatable levels by time:
     D:1: 105 daAuts
